ORI
CALIFORNIA STATE UNIVERSITY AT FULLERTON TITANS @ UNIVERSITY OF NEBRASKA CORNHUSKERS
08/09/2047
 
TOP OF THE 1ST
California State University at Fullerton Titans batting - Pitching for University of Nebraska Cornhuskers : RHP Frank Saslove
Pitching: RHP Frank Saslove
Batting: RHB Matt Martin 0-0: Ball
1-0: Ball
2-0: Ball
3-0: Called Strike
3-1: Foul Ball, location: 2F
3-2: Strikes out swinging
Batting: RHB Zach Warwick 0-0: Swinging Strike
0-1: Ball
1-1: Ball
2-1: Called Strike
2-2: Ball
3-2: Foul Ball, location: 2F
3-2: Base on Balls
Batting: LHB Jim Snell 0-0: Ball
1-0: Called Strike
1-1: SINGLE (Groundball, 4MS, EV 72.5 MPH) (infield hit)
Zach Warwick to second
Batting: LHB Mike Fernandez 0-0: Ball
1-0: Ball
Zach Warwick is caught stealing 3rd base 2-5
Jim Snell to second
2-0: Called Strike
2-1: Swinging Strike
2-2: Strikes out swinging
Top of the 1st over - 0 runs, 1 hit, 0 errors, 1 left on base; California State University at Fullerton 0 - University of Nebraska 0
BOTTOM OF THE 1ST
University of Nebraska Cornhuskers batting - Pitching for California State University at Fullerton Titans : RHP Alex Valdez
Pitching: RHP Alex Valdez
Batting: RHB Chris Anthony 0-0: Called Strike
0-1: TRIPLE (Line Drive, 8RXD, EV 111.2 MPH)
Batting: RHB Quentin Howland 0-0: Ball
1-0: SINGLE (Groundball, 56D, EV 106.2 MPH)
Chris Anthony scores
Batting: LHB Jose Gonzalez 0-0: Called Strike
0-1: Called Strike
0-2: Strikes out swinging
Batting: SHB Phil Roper 0-0: Ball
1-0: Swinging Strike
1-1: Ball
2-1: Called Strike
2-2: Strikes out swinging
Batting: RHB Mario Lopec 0-0: Called Strike
Quentin Howland steals 2nd base
0-1: DOUBLE (Line Drive, 9LD, EV 111.9 MPH)
Quentin Howland scores
Batting: LHB Mike Rawson 0-0: Called Strike
0-1: Fly out, F7 (Flyball, 7LS, EV 76.2 MPH)
Bottom of the 1st over - 2 runs, 3 hits, 0 errors, 1 left on base; California State University at Fullerton 0 - University of Nebraska 2
TOP OF THE 2ND
California State University at Fullerton Titans batting - Pitching for University of Nebraska Cornhuskers : RHP Frank Saslove
Batting: RHB Simon Sultzbach 0-0: Ball
1-0: Ball
2-0: Called Strike
2-1: Ground out 5-3 (Groundball, 5L, EV 105.6 MPH)
Batting: SHB Jonathan Jacob 0-0: Foul Ball, location: 2F
0-1: Foul Ball, location: 2F
0-2: Ball
1-2: Strikes out looking
Batting: SHB Jason Pugh 0-0: Ball
1-0: DOUBLE (Line Drive, 7LM, EV 107.5 MPH)
Batting: LHB Efrain Gonzalez 0-0: Foul Ball, location: 2F
0-1: Called Strike
0-2: Ball
1-2: Strikes out swinging
Top of the 2nd over - 0 runs, 1 hit, 0 errors, 1 left on base; California State University at Fullerton 0 - University of Nebraska 2
BOTTOM OF THE 2ND
University of Nebraska Cornhuskers batting - Pitching for California State University at Fullerton Titans : RHP Alex Valdez
Batting: LHB Kevin Brannon 0-0: Called Strike
0-1: Foul Ball, location: 2F
0-2: Fly out, F5 (Popup, 56S, EV 76.9 MPH)
Batting: RHB Danny Forbes 0-0: Fly out, F9 (Flyball, 9D, EV 103.8 MPH)
Batting: SHB Kent Worboys 0-0: Ball
1-0: Ball
2-0: DOUBLE (Flyball, 8RXD, EV 108.1 MPH) - OUT at third base trying to stretch hit.
Bottom of the 2nd over - 0 runs, 1 hit, 0 errors, 0 left on base; California State University at Fullerton 0 - University of Nebraska 2
TOP OF THE 3RD
California State University at Fullerton Titans batting - Pitching for University of Nebraska Cornhuskers : RHP Frank Saslove
Batting: RHB Sergio Cervantes 0-0: Ball
1-0: Swinging Strike
1-1: Foul Ball, location: 2F
1-2: Strikes out looking
Batting: RHB Matt Martin 0-0: Ball
1-0: Called Strike
1-1: Ball
2-1: Ball
3-1: Base on Balls
Batting: RHB Zach Warwick 0-0: Ball
1-0: Called Strike
1-1: Ball
2-1: Foul Ball, location: 2F
2-2: Grounds into double play, 6-4-3 (Groundball, 6, EV 100.0 MPH)
Top of the 3rd over - 0 runs, 0 hits, 0 errors, 0 left on base; California State University at Fullerton 0 - University of Nebraska 2
BOTTOM OF THE 3RD
University of Nebraska Cornhuskers batting - Pitching for California State University at Fullerton Titans : RHP Alex Valdez
Batting: RHB Chris Anthony 0-0: Called Strike
0-1: Fly out, F7 (Flyball, 7, EV 82.5 MPH)
Batting: RHB Quentin Howland 0-0: Called Strike
0-1: Called Strike
0-2: Ball
1-2: Fly out, F9 (Flyball, 9D, EV 107.5 MPH)
Batting: LHB Jose Gonzalez 0-0: SINGLE (Flyball, 7LS, EV 97.5 MPH)
Batting: SHB Phil Roper 0-0: Ball
Jose Gonzalez steals 2nd base
1-0: Swinging Strike
1-1: Foul Ball, location: 2F
1-2: Foul Ball, location: 2F
1-2: Strikes out swinging
Bottom of the 3rd over - 0 runs, 1 hit, 0 errors, 1 left on base; California State University at Fullerton 0 - University of Nebraska 2
TOP OF THE 4TH
California State University at Fullerton Titans batting - Pitching for University of Nebraska Cornhuskers : RHP Frank Saslove
Batting: LHB Jim Snell 0-0: SINGLE (Groundball, 56D, EV 107.5 MPH)
Batting: LHB Mike Fernandez 0-0: Called Strike
0-1: Called Strike
Jim Snell steals 2nd, throwing error, E2
Jim Snell to third
0-2: Ball
1-2: Fly out, F7 (Line Drive, 7LM, EV 98.8 MPH)
Runner from 3rd tags up, SCORES, throw by LF
Batting: RHB Simon Sultzbach 0-0: Called Strike
0-1: Ball
1-1: Called Strike
1-2: Ball
2-2: Foul Ball, location: 2F
2-2: Strikes out swinging
Batting: SHB Jonathan Jacob 0-0: Ball
1-0: Swinging Strike
1-1: Foul Ball, location: 2F
1-2: Foul Ball, location: 2F
1-2: Strikes out swinging
Top of the 4th over - 1 run, 1 hit, 1 error, 0 left on base; California State University at Fullerton 1 - University of Nebraska 2
BOTTOM OF THE 4TH
University of Nebraska Cornhuskers batting - Pitching for California State University at Fullerton Titans : RHP Alex Valdez
Batting: RHB Mario Lopec 0-0: Ball
1-0: Ball
2-0: Ball
3-0: Called Strike
3-1: Base on Balls
Batting: LHB Mike Rawson 0-0: Called Strike
Mario Lopec steals 2nd base
0-1: Ball
Mario Lopec steals 3rd base
Squeeze bunt is on, Mario Lopec is out
1-2: Strikes out looking
Batting: LHB Kevin Brannon 0-0: Called Strike
0-1: Ball
1-1: Ball
2-1: Swinging Strike
2-2: Foul Ball, location: 2F
2-2: Foul Ball, location: 2F
2-2: Ball
3-2: Foul Ball, location: 2F
3-2: Strikes out looking
Bottom of the 4th over - 0 runs, 0 hits, 0 errors, 0 left on base; California State University at Fullerton 1 - University of Nebraska 2
TOP OF THE 5TH
California State University at Fullerton Titans batting - Pitching for University of Nebraska Cornhuskers : RHP Frank Saslove
Now at C: Will England
Batting: SHB Jason Pugh 0-0: Called Strike
0-1: Called Strike
0-2: Strikes out swinging
Batting: LHB Efrain Gonzalez 0-0: Swinging Strike
0-1: Ball
1-1: Ball
2-1: Foul Ball, location: 2F
2-2: Ground out 1-3 (Groundball, 13S, EV 67.5 MPH)
Batting: RHB Sergio Cervantes 0-0: Foul Ball, location: 2F
0-1: Foul Ball, location: 2F
0-2: Ball
1-2: Strikes out swinging
Top of the 5th over - 0 runs, 0 hits, 0 errors, 0 left on base; California State University at Fullerton 1 - University of Nebraska 2
BOTTOM OF THE 5TH
University of Nebraska Cornhuskers batting - Pitching for California State University at Fullerton Titans : RHP Alex Valdez
Now at 2B: Felipe Lara
Now in RF: Steve Lane
Batting: RHB Danny Forbes 0-0: Called Strike
0-1: Ball
1-1: Swinging Strike
1-2: Strikes out swinging
Batting: SHB Kent Worboys 0-0: Ball
1-0: Called Strike
1-1: Swinging Strike
1-2: Ball
2-2: Strikes out swinging
Pinch Hitting: RHB Jeremy Weaver 0-0: Called Strike
0-1: Ball
1-1: Foul Ball, location: 2F
1-2: Ball
2-2: Foul Ball, location: 2F
2-2: Ball
3-2: SINGLE (Line Drive, 6, EV 97.5 MPH)
Pinch Hitting: RHB Rob Bryan 0-0: Ball
1-0: Ball
2-0: Ball
3-0: Called Strike
3-1: Fly out, F7 (Flyball, 78D, EV 93.8 MPH)
Bottom of the 5th over - 0 runs, 1 hit, 0 errors, 1 left on base; California State University at Fullerton 1 - University of Nebraska 2
TOP OF THE 6TH
California State University at Fullerton Titans batting - Pitching for University of Nebraska Cornhuskers : RHP Frank Saslove
Pitching: LHP Nate Wood
Now at 2B: Andy Henn
Now at SS: Tariq Garane
Now in CF: Mike Rawson
Now in RF: Bob Appleby
Pinch Hitting: RHB Hassan Thomas 0-0: Ball
1-0: Ball
2-0: Called Strike
2-1: Ball
3-1: Swinging Strike
3-2: Strikes out swinging
Pinch Hitting: LHB John Blumberg 0-0: Called Strike
0-1: Swinging Strike
0-2: Ball
1-2: Ball
2-2: Foul Ball, location: 2F
2-2: Strikes out swinging
Pinch Hitting: RHB Alex Freyre 0-0: Ball
1-0: Ball
2-0: Ground out U3 (Groundball, 13, EV 77.5 MPH)
Top of the 6th over - 0 runs, 0 hits, 0 errors, 0 left on base; California State University at Fullerton 1 - University of Nebraska 2
BOTTOM OF THE 6TH
University of Nebraska Cornhuskers batting - Pitching for California State University at Fullerton Titans : RHP Alex Valdez
Pitching: RHP Jaime Zapata
Now at 1B: Hassan Thomas
Now in CF: Alex Freyre
Now in RF: Edwin Esparza
Batting: RHB Zion Jones 0-0: Ball
1-0: Foul Ball, location: 2F
1-1: Ball
2-1: Ball
3-1: Base on Balls
Batting: RHB Will England 0-0: Ball
1-0: Ball
2-0: Called Strike
2-1: Ball
3-1: SINGLE (Groundball, 5S, EV 68.1 MPH) (infield hit)
Zion Jones to second
Batting: SHB Andy Henn 0-0: Fly out, F8 (Line Drive, 8LM, EV 90.6 MPH)
Pinch Hitting: RHB Alex Garcia 0-0: Ball
1-0: Called Strike
1-1: Called Strike
1-2: Ball
2-2: Foul Ball, location: 2F
2-2: Ball
3-2: Foul Ball, location: 2F
3-2: Base on Balls
Zion Jones to third
Will England to second
Pinch Hitting: RHB Ruben Savino 0-0: Foul Ball, location: 2F
0-1: Swinging Strike
0-2: Strikes out swinging
Pinch Hitting: RHB Tim Bond 0-0: Foul Ball, location: 2F
0-1: Ball
1-1: Ball
2-1: Foul Ball, location: 2F
2-2: Ball
3-2: Ground out 1-3 (Groundball, 13S, EV 68.8 MPH)
Bottom of the 6th over - 0 runs, 1 hit, 0 errors, 3 left on base; California State University at Fullerton 1 - University of Nebraska 2
TOP OF THE 7TH
California State University at Fullerton Titans batting - Pitching for University of Nebraska Cornhuskers : LHP Nate Wood
Pitching: RHP Jason Kelly
Now at 1B: Jason Blakeley
Now at 3B: Ruben Savino
Now in LF: Aidan Collet
Now in CF: Avicenna Abdul-Muta'al
Pinch Hitting: RHB Jeremy Evans 0-0: Called Strike
0-1: Called Strike
0-2: Strikes out swinging
Batting: RHB Simon Sultzbach 0-0: Ball
1-0: Foul Ball, location: 2F
1-1: Called Strike
1-2: DOUBLE (Line Drive, 78D, EV 105.6 MPH)
Batting: LHB B.J. Ferguson 0-0: Ground out 4-3 (Groundball, 4S, EV 86.9 MPH)
Simon Sultzbach to third
Pinch Hitting: RHB Joe McKinzie 0-0: Ball
1-0: Called Strike
1-1: Ball
2-1: Foul Ball, location: 2F
2-2: Ball
3-2: Strikes out swinging
Top of the 7th over - 0 runs, 1 hit, 0 errors, 1 left on base; California State University at Fullerton 1 - University of Nebraska 2
BOTTOM OF THE 7TH
University of Nebraska Cornhuskers batting - Pitching for California State University at Fullerton Titans : RHP Jaime Zapata
Pitching: RHP T.J. Keenan
Now at C: Jim Cahan
Now at 2B: Alex Rivas
Now at 3B: Jeremy Evans
Batting: LHB Avicenna Abdul-Muta'al 0-0: Fly out, F9 (Flyball, 9LSF, EV 85.6 MPH)
Batting: RHB Tariq Garane 0-0: Called Strike
0-1: Called Strike
0-2: Ball
1-2: Foul Ball, location: 2F
1-2: Strikes out looking
Batting: LHB Bob Appleby 0-0: Ball
1-0: Fly out, F7 (Flyball, 7LM, EV 80.0 MPH)
Bottom of the 7th over - 0 runs, 0 hits, 0 errors, 0 left on base; California State University at Fullerton 1 - University of Nebraska 2
TOP OF THE 8TH
California State University at Fullerton Titans batting - Pitching for University of Nebraska Cornhuskers : RHP Jason Kelly
Pitching: RHP Miguel Bustamante
Pinch Hitting: RHB Jamie Blankenship 0-0: Ball
1-0: Foul Ball, location: 2F
1-1: Ground out 4-3 (Groundball, 34, EV 85.6 MPH)
Pinch Hitting: LHB Alberto Aguilar 0-0: Ground out 6-3 (Groundball, 56, EV 106.2 MPH)
Pinch Hitting: LHB Mike Lauritsen 0-0: Called Strike
0-1: Ball
1-1: Foul Ball, location: 2F
1-2: Ball
2-2: Ground out 4-3 (Groundball, 4, EV 81.9 MPH)
Top of the 8th over - 0 runs, 0 hits, 0 errors, 0 left on base; California State University at Fullerton 1 - University of Nebraska 2
BOTTOM OF THE 8TH
University of Nebraska Cornhuskers batting - Pitching for California State University at Fullerton Titans : RHP T.J. Keenan
Pitching: LHP David Garcia
Now at 1B: Mike Lauritsen
Now at SS: Alberto Aguilar
Now in LF: Edwin Esparza
Now in RF: Jamie Blankenship
Batting: RHB Zion Jones 0-0: Foul Ball, location: 2F
0-1: Ball
1-1: Ball
2-1: Ball
3-1: Foul Ball, location: 2F
3-2: Fly out, F8 (Flyball, 8LXD, EV 100.0 MPH)
Batting: RHB Will England 0-0: Ball
1-0: Ball
2-0: Called Strike
2-1: Ball
3-1: Foul Ball, location: 2F
3-2: Strikes out swinging
Batting: SHB Andy Henn 0-0: Ball
1-0: Ball
2-0: Foul Ball, location: 2F
2-1: Foul Ball, location: 2F
2-2: Foul Ball, location: 2F
2-2: Fly out, F8 (Flyball, 8RD, EV 103.8 MPH)
Bottom of the 8th over - 0 runs, 0 hits, 0 errors, 0 left on base; California State University at Fullerton 1 - University of Nebraska 2
TOP OF THE 9TH
California State University at Fullerton Titans batting - Pitching for University of Nebraska Cornhuskers : RHP Miguel Bustamante
Pitching: RHP Antonino Charno
Batting: LHB Edwin Esparza 0-0: Ball
1-0: Ball
2-0: Ball
3-0: Called Strike
3-1: Foul Ball, location: 2F
3-2: Base on Balls
Batting: RHB Alex Freyre 0-0: Called Strike
0-1: Foul Ball, location: 2F
0-2: Ball
1-2: Foul Ball, location: 2F
1-2: Fielders Choice at 2nd, 6-4 (Groundball, 6, EV 83.8 MPH)
Pinch Hitting: LHB Kris Zimbalist 0-0: Called Strike
0-1: Swinging Strike
0-2: Strikes out swinging
Pinch Hitting: LHB Sean Jacobs 0-0: Called Strike
0-1: Ball
1-1: Ball
2-1: Ball
3-1: Foul Ball, location: 2F
3-2: Ground out 1-3 (Groundball, 15S, EV 67.5 MPH)
Top of the 9th over - 0 runs, 0 hits, 0 errors, 1 left on base; California State University at Fullerton 1 - University of Nebraska 2
Thursday, December 15th , 2022 - OOTP Baseball 23.9 Build 102